 Dungeon Crawl Stone Soup version 0.23.2-1-ga50397a (webtiles) character file.

Game seed: 17358894266883357370

847 aefrtyi the Digger (level 8, -13/48 HPs)
             Began as a Gargoyle Earth Elementalist on June 1, 2019.
             Mangled by an orc warrior
             ... wielding a +0 battleaxe
              (24 damage)
             ... on level 6 of the Dungeon.
             The game lasted 00:36:09 (7873 turns).

aefrtyi the Digger (Gargoyle Earth Elementalist)    Turns: 7873, Time: 00:36:09

Health: -13/48     AC:  7    Str: 11    XL:     8   Next: 0%
Magic:  14/14      EV: 12    Int: 19    God:
Gold:   376        SH:  0    Dex: 10    Spells: 9/15 levels left

rFire    . . .     SeeInvis .   C - staff of energy
rCold    . . .     Gourm    +   (no shield)
rNeg     + . .     Faith    .   r - +0 robe
rPois    ∞         Spirit   .   (no helmet)
rElec    +         Reflect  .   (no cloak)
rCorr    .         Harm     .   (no gloves)
MR       .....                  (no boots)
Stlth    +++.......             v - amulet of the gourmand
HPRegen  0.16/turn              u - ring of flight
MPRegen  0.14/turn              (no ring)

@: no status effects
A: negative energy resistance 1, electricity resistance, unbreathing,
petrification resistance, rot immunity, AC +5
a: Evoke Flight


You were on level 6 of the Dungeon.
You were full.

You visited 2 branches of the dungeon, and saw 7 of its levels.

You collected 376 gold pieces.

Inventory:

Hand Weapons
 e - a +0 short sword
Missiles
 b - 4 large rocks
Armour
 c - a +0 robe
 r - a +0 robe (worn)
Magical Staves
 C - an uncursed staff of energy (weapon)
Jewellery
 u - a ring of flight (left hand)
 v - an amulet of the gourmand (around neck)
Wands
 w - a wand of acid (6)
 B - a wand of flame (4)
Scrolls
 a - 4 scrolls of identify {unknown}
 h - 4 scrolls of remove curse {unknown}
 i - 2 scrolls of blinking {unknown}
 j - 6 scrolls of fog {unknown}
 m - a scroll of magic mapping {unknown}
 n - 3 scrolls of enchant weapon {unknown}
 o - a scroll of noise {unknown}
 p - 2 scrolls of fear {unknown}
 s - 3 scrolls of teleportation {unknown}
 y - a scroll of immolation {unknown}
Potions
 f - 2 potions of magic {unknown}
 g - a potion of heal wounds {unknown}
 k - a potion of ambrosia {unknown}
 l - a potion of lignification {unknown}
 q - a potion of resistance {unknown}
 t - 2 potions of curing {unknown}
 x - a potion of might {unknown}
 z - a potion of berserk rage {unknown}
 A - 3 potions of flight {unknown}
 D - a potion of degeneration {unknown}
 E - a potion of brilliance {unknown}
 F - a potion of agility {unknown}
Comestibles
 d - 7 rations


   Skills:
 + Level 4.5 Fighting
 - Level 1.5 Dodging
 + Level 5.5 Stealth
 + Level 4.4 Spellcasting
 - Level 0.7 Transmutations
 + Level 6.3 Earth Magic


You had 9 spell levels left.
You knew the following spells:

 Your Spells              Type           Power        Failure   Level  Hunger
a - Sandblast             Erth           ####..       1%          1    None
b - Passwall              Tmut/Erth      ###.....     4%          2    None
c - Stone Arrow           Conj/Erth      ###...       11%         3    None

Your spell library contained the following spells:

 Spells                   Type           Power        Failure   Level  Hunger
 Lee's Rapid Deconstruct  Erth           ####......   26%         5    None
 Petrify                  Tmut/Erth      ###.....     30%         4    None


Dungeon Overview and Level Annotations

Branches:
Dungeon (6/15)             Temple (1/1) D:4

Altars:
Ashenzari
Cheibriados
Dithmenos
Elyvilon
Fedhas
Gozag
Hepliaklqana
Makhleb
Okawaru
Qazlal
Ru
Sif Muna
Trog
Uskayaw
Vehumet
Wu Jian
Xom
Zin
The Shining One

Shops:
D:4 :

Annotations:
D:5 1 runed translucent door, exclusions: door and 2 more exclusions, Terandir's ghost, novice MiFi
D:6 1 transporter, exclusion: downstairs


Innate Abilities, Weirdness & Mutations

You are resistant to torment.
Your stone body is resilient. (AC +5)
You are immune to poison.
You resist negative energy. (rN+)
You are resistant to electric shocks. (rElec)
You can survive without breathing.
You are immune to petrification.
You are immune to rotting.


Message History

You closely miss the orc warrior.
The orc warrior is lightly wounded.
The orc warrior hits you with a +0 battleaxe!
* * * LOW HITPOINT WARNING * * *
You hit the orc warrior but do no damage.
The orc warrior is lightly wounded.
The orc warrior hits you but does no damage.
You hit the orc warrior but do no damage.
The orc warrior is lightly wounded.
You closely miss the orc warrior.
The orc warrior is lightly wounded.
The orc warrior closely misses you.
You hit the orc warrior but do no damage.
The orc warrior is lightly wounded.
The orc warrior misses you.
You hit the orc warrior but do no damage.
The orc warrior is lightly wounded.
The orc warrior hits you with a +0 battleaxe!!
Ouch! That really hurt!
You die...

.....)..#)#####...###.#####.##.#
.....<...[)...........# #.##.#
..................##### #.##.#
#.......#.###.###.# #.##.#
##..<#..#.# #.# #.# #.##.#
##.##..#.###.# #.# #.##.#
####....##..# #.# .. #.##
........#.####.# #..# #.
##..##<.....@.##### ##># ..
.............o.....# #.# .#
###.#####.###).###.# #.# .#
#.####...##..# . #.# .#
#............# /.. #.# .#
#.###....##.#......$ #.#
.#####.# #............... #.#
.....>.# #.....###.>..... #.#
.......# #.#.#.# ##...#. #.#


You could see an orc warrior.

Vanquished Creatures
  A water moccasin (D:5)
  An ice beast (D:6)
  An ogre (D:6)
  A howler monkey (D:4)
  A bullfrog zombie (D:5)
  3 orc priests
  5 orc wizards
  An iguana (D:5)
  Ijyb (D:5)
  A worker ant zombie (D:6)
  4 adders
  3 gnolls (D:2)
  A shadow imp (D:5)
  An ooze (D:1)
  An adder zombie (D:6)
  2 dart slugs
  A worm (D:3)
  3 leopard geckos
  20 orcs
  2 ball pythons
  6 bats
  2 giant cockroaches
  10 goblins
  3 hobgoblins
  14 jackals
  A quokka (D:2)
  3 frilled lizards
  A jackal skeleton (D:6)
  4 kobolds
  A leopard gecko skeleton (D:4)
  12 rats
  A plant (D:2)
112 creatures vanquished.

Notes
Turn   | Place    | Note
-------+----------+-------------------------------------------
     0 | D:1      | aefrtyi the Gargoyle Earth Elementalist began the quest for
                  | the Orb.
     0 | D:1      | Reached XP level 1. HP: 10/10 MP: 3/3
   236 | D:1      | Reached XP level 2. HP: 16/16 MP: 1/5
   444 | D:1      | Reached skill level 1 in Fighting
   777 | D:2      | Reached skill level 4 in Earth Magic
   777 | D:2      | Reached XP level 3. HP: 20/20 MP: 3/6
  1494 | D:2      | Reached XP level 4. HP: 26/26 MP: 4/7
  1961 | D:3      | Learned a level 2 spell: Passwall
  1965 | D:3      | Learned a level 3 spell: Stone Arrow
  2305 | D:3      | Reached XP level 5. HP: 23/30 MP: 0/9
  3609 | D:4      | Reached skill level 5 in Earth Magic
  3609 | D:4      | Reached XP level 6. HP: 33/36 MP: 0/11
  4070 | D:4      | Found Sigi's Book Boutique.
  4417 | D:4      | Found a staircase to the Ecumenical Temple.
  4506 | Temple   | Entered the Ecumenical Temple
  4959 | D:5      | Entered Level 5 of the Dungeon
  4959 | D:5      | Noticed a water moccasin
  4961 | D:5      | Killed a water moccasin
  4961 | D:5      | Reached XP level 7. HP: 41/41 MP: 9/12
  4965 | D:5      | Found a burning altar of Makhleb.
  5018 | D:5      | Found a glowing silver altar of Zin.
  5019 | D:5      | Noticed a blizzard demon
  5019 | D:5      | Noticed an angel
  5695 | D:5      | Found a glowing golden altar of the Shining One.
  5696 | D:5      | Found a hazy altar of Hepliaklqana.
  6001 | D:5      | Noticed Ijyb
  6018 | D:5      | Killed Ijyb
  6223 | D:5      | Found a runed translucent door.
  6224 | D:5      | Noticed Terandir's ghost (novice MiFi)
  6286 | D:5      | Found an iron altar of Okawaru.
  6557 | D:6      | Noticed a vampire
  6561 | D:6      | Found a transporter.
  6833 | D:6      | Reached skill level 5 in Stealth
  6833 | D:6      | Reached skill level 6 in Earth Magic
  7329 | D:6      | Reached XP level 8. HP: 33/48 MP: 0/14
  7873 | D:6      | Mangled by an orc warrior

Skill      XL: |  1  2  3  4  5  6  7 |
---------------+----------------------+-----
Fighting       | 1 2 3 4 |  4.5
Earth Magic    | 4 5 6 |  6.3
Stealth        | 3 4 5 |  5.5
Spellcasting   | 3 4 |  4.4
Dodging        | |  1.5
Transmutations | |  0.7

Action                   |  1- 3 |  4- 6 |  7- 9 || total
-------------------------+-------+-------+-------++-------
Melee: Unarmed           |     1 |       |       ||     1
       Short sword       |   109 |    31 |    31 ||   171
       Staff             |       |       |    29 ||    29
 Cast: Sandblast         |    35 |    72 |    71 ||   178
       Stone Arrow       |       |    11 |     4 ||    15
       Passwall          |       |     2 |       ||     2
 Abil: Evoke Flight      |       |       |     1 ||     1
Evoke: Wand              |       |       |     1 ||     1
  Eat: Ration            |     1 |       |       ||     1
       Chunk             |       |    24 |     9 ||    33
Armor: Robe              |     9 |    15 |    32 ||    56
Dodge: Dodged            |    14 |    43 |    41 ||    98
